 Dungeon Crawl Stone Soup version 0.31-a0-152-g6aa68a64a1 (webtiles) character file.

Game seed: 1340753012189516782

10256 senseless the Charlatan (level 11, -13/67 (75) HPs)
             Began as a Demonspawn Artificer on June 9, 2023.
             Was a Priest of Hepliaklqana.
             Mangled by Erolcha
             ... wielding a +0 giant club
              (39 damage)
             ... on level 10 of the Dungeon.
             The game lasted 00:27:45 (8069 turns).

senseless the Charlatan (Demonspawn Artificer)      Turns: 8069, Time: 00:27:45

HP:   -13/67 (75)   AC:  9    Str: 15    XL:     11   Next: 33%
MP:   11/11         EV: 15    Int: 18    God:    Hepliaklqana [***...]
Gold: 531           SH:  6    Dex: 16    Spells: 10/10 levels left

rFire   + . .        l - +10 sling of Intimidation {flame, rN+}
rCold   + . .        p - +0 buckler
rNeg    + . .        G - +1 robe {rC+}
rPois   .            F - +0 helmet
rElec   .            g - +0 cloak
rCorr   .            (no gloves)
SInv    .            t - +2 pair of boots
Will    +....        (no amulet)
Stlth   ++           H - ring of willpower
HPRegen 1.11/turn    D - ring of protection from fire
MPRegen 0.12/turn

%: wizardry (x1)
@: heavily drained, unable to read
A: reduced essence, claws 2, spiny 1, big brain 3, demonic magic 1, regeneration
1, inability to read after injury 1
a: Renounce Religion, Recall Ancestor, Ancestor Identity, Transference


You were on level 10 of the Dungeon.
You worshipped Hepliaklqana.
Hepliaklqana was most pleased with you.
You visited 2 branches of the dungeon, and saw 11 of its levels.
You also visited: Sewer.

You collected 589 gold pieces.
You spent 58 gold pieces at shops.

Inventory:

Hand Weapons
 l - the +10 sling of Intimidation (weapon) {flame, rN+}
   (You found it on level 2 of the Dungeon)

   rN:        It protects you from negative energy.
 m - a +4 great sword of freezing
 w - a +4 dagger
Armour
 g - a +0 cloak (worn)
 p - a +0 buckler (worn)
 t - a +2 pair of boots (worn)
 F - a +0 helmet (worn)
 G - a +1 robe of cold resistance (worn)
Jewellery
 k - a ring of poison resistance
 o - a ring of magical power
 q - a ring of wizardry
 D - a ring of protection from fire (right claw)
 H - a ring of willpower (left claw)
 K - the ring of Wu Jian's Approval {Ice rPois Will+ Str-2}
   (You found it on level 7 of the Dungeon)

   [ring of ice]

   It enhances your ice magic.
   Str:       It affects your strength (-2).
   rF:        It makes you vulnerable to fire.
   rC:        It protects you from cold.
   rPois:     It protects you from poison.
   Will:      It increases your willpower.
Wands
 c - a wand of flame (32) (quivered)
 d - a wand of charming (22)
 e - a wand of iceblast (4)
 E - a wand of acid (5)
Scrolls
 j - 2 scrolls of identify
 u - a scroll of teleportation
 x - 2 scrolls of poison
 y - a scroll of blinking
 z - a scroll of fear
Potions
 a - 2 potions of cancellation
 b - a potion of magic {unknown}
 f - 3 potions of lignification
 h - 4 potions of haste
 i - a potion of berserk rage
 n - 2 potions of invisibility
 v - 4 potions of heal wounds
 I - a potion of curing


   Skills:
 + Level 7.5 Fighting
 + Level 6.4 Ranged Weapons
 + Level 7.2 Armour
 + Level 6.9 Dodging
 - Level 0.8 Stealth
 + Level 6.4 Shields
 + Level 7.9 Evocations


You had 10 spell levels left.
You didn't know any spells.
Your spell library contained the following spells:

 Spells                   Type           Power      Damage    Failure   Level
 Sandblast                Erth           0%         2d4       12%         1
 Sting                    Tmut/Pois      0%         1d3       12%         1
 Cigotuvi's Dreadful Rot  Necr/Pois/Air  0%         N/A       16%         2
 Passwall                 Tmut/Erth      0%         N/A       16%         2
 Poisonous Vapours        Pois/Air       0%         N/A       16%         2
 Ignite Poison            Fire/Tmut/Pois 0%         N/A       32%         3
 Ozocubu's Armour         Ice            0%         N/A       32%         3
 Stone Arrow              Conj/Erth      0%         3d7       32%         3
 Tukima's Dance           Hex            0%         N/A       32%         3
 Dispel Undead            Necr           0%         3d6       69%         4
 Olgreb's Toxic Radiance  Pois           0%         N/A       69%         4
 Passage of Golubria      Tloc           0%         N/A       69%         4
 Sticky Flame             Conj/Fire      0%         2d3       69%         4
 Yara's Violent Unravell  Hex/Tmut       0%         3d3       95%         5
 Death Channel            Necr           0%         N/A       100%        6
 Ozocubu's Refrigeration  Ice            0%         4d7       100%        7
 Ignition                 Fire           0%         3d3       100%        8


Dungeon Overview and Level Annotations

Branches:
Dungeon (10/15)            Temple (1/1) D:5            Lair (0/5) D:9
  Sewer (visited)
    Orc: D:9-12

Altars:
Ashenzari
Cheibriados
Dithmenos
Fedhas
Gozag
Hepliaklqana
Kikubaaqudgha
Makhleb
Nemelex Xobeh
Okawaru
Qazlal
Ru
Sif Muna
Trog
Uskayaw
Vehumet
Wu Jian
Xom
Yredelemnul

Shops:
D:2 *   D:9 *

Annotations:
D:10 Erolcha, Josephine


Innate Abilities, Weirdness & Mutations

Your life essence is reduced to manifest your ancestor. (-10% HP)
You have very sharp fingernails.
You are partially covered in sharp spines.
You have an absolutely massive brain. (Int +6, Wiz)
Spells you cast may paralyse adjacent enemies.
Your natural rate of healing is unusually fast.
You occasionally lose the ability to read scrolls when taking damage.


Message History

Erolcha blinks!
No target in view!
Erolcha is nearby!
You shoot a sling bullet. The sling bullet hits Erolcha!
The sling bullet burns Erolcha.
Erolcha is heavily wounded.
You shoot a sling bullet.
The sling bullet closely misses Erolcha.
You shoot a sling bullet.
The sling bullet closely misses Erolcha.
You shoot a sling bullet.
The sling bullet hits Erolcha but does no damage.
Erolcha is heavily wounded.
A kobold brigand comes into view.
It is wielding a +0 whip and quivering poisoned darts.
You shoot a sling bullet. The sling bullet barely misses Erolcha.
You shoot a sling bullet.
The sling bullet hits Erolcha but does no damage.
Erolcha is heavily wounded.
You shoot a sling bullet. The sling bullet hits Erolcha!
The sling bullet burns Erolcha.
Erolcha is severely wounded.
Erolcha gestures wildly while chanting.
Erolcha flickers and vanishes!
Deactivating autopickup; reactivate with Ctrl-A.
You shoot a sling bullet.
The sling bullet barely misses the kobold brigand.
Something hits you!!
A kobold comes into view. It is wielding a +0 short sword.
You shoot a sling bullet. The kobold shouts!
The sling bullet hits the kobold brigand!
The sling bullet burns the kobold brigand.
The kobold brigand is moderately wounded.
Something hits you!!
You are too injured to fight recklessly!
You are too injured to fight recklessly!
Something hits you!!!
You feel threatened and lose the ability to read scrolls!
Ouch! That really hurt!
You die...

...[...#........
.......#.....K...
.......#.........#
.......#.........#
.......#.........#
.......#.........#
......{#K........#
.......@.........#
.............)...#
.####..##....###.
#.. #..#.# #..
#..# .# #.. ..##
.# #....## ..
#...# .. ..# .


You could see a kobold brigand and a kobold.

Vanquished Creatures
  2 two-headed ogres (D:9)
  A troll (D:10)
  Sigmund (D:6)
  2 shadows (D:9)
  9 yaks
  Grum (D:9)
  An orc warrior (D:8)
  4 ice beasts
  A sky beast (D:6)
  3 ogres
  4 black bears
  7 wolves (D:9)
  7 centaurs
  A phantom (D:6)
  3 bullfrogs
  A gnoll sergeant (D:6)
  3 scorpions
  16 wights
  A howler monkey (D:9)
  3 electric eels (D:9)
  3 hounds
  A jelly (D:5)
  11 orc priests
  A gnoll bouda (D:9)
  5 sleepcaps
  4 iguanas
  6 orc wizards
  A hell rat (Sewer)
  13 gnolls
  7 adders
  6 river rats
  2 white imps (D:7)
  A worm (D:6)
  3 dart slugs
  30 orcs
  5 bats (D:3)
  7 endoplasms
  16 giant cockroaches
  4 goblins
  6 hobgoblins
  2 jackals (D:1)
  6 quokkas
  4 ball pythons
  2 frilled lizards
  A jackal skeleton (D:9)
  10 kobolds
  5 rats
233 creatures vanquished.

Vanquished Creatures (collateral kills)
  A two-headed ogre (D:9)
  A troll (D:9)
  2 yaks (D:8)
  A vampire (D:10)
  A wraith (D:9)
  A human (D:9)
  An ice beast (D:8)
  An orc warrior (D:8)
  A wolf (D:9)
  A bullfrog (D:7)
  A wight (D:9)
  An orc wizard (D:8)
  A gnoll (D:9)
  2 orcs
16 creatures vanquished.

Vanquished Creatures (others)
  7 knights
  2 rats (D:3)
9 creatures vanquished.

Grand Total: 258 creatures vanquished

Notes
Turn   | Place    | Note
-------+----------+-------------------------------------------
     0 | D:1      | senseless the Demonspawn Artificer began the quest for the
                  | Orb.
     0 | D:1      | Reached XP level 1. HP: 15/15 MP: 1/1
    64 | D:1      | Reached skill level 1 in Dodging
   211 | D:1      | Gained mutation: You have an unusually large brain. (Int
                  | +2) [demonic ancestry]
   211 | D:1      | Reached XP level 2. HP: 21/21 MP: 2/2
   468 | D:1      | Found a faded altar of an unknown god.
  1307 | D:2      | Gained mutation: You are partially covered in sharp spines.
                  | [demonic ancestry]
  1307 | D:2      | Reached XP level 3. HP: 7/26 MP: 3/3
  1515 | D:2      | Identified the +10 sling of Intimidation {flame, rN+}
  1544 | D:2      | Found Jenoras's General Store.
  1555 | D:2      | Bought a +0 buckler for 58 gold pieces
  1650 | D:2      | Gained mutation: You have sharp fingernails. [demonic
                  | ancestry]
  1650 | D:2      | Reached XP level 4. HP: 33/33 MP: 4/4
  1657 | D:2      | Reached skill level 1 in Shields
  2142 | D:3      | Noticed a black bear
  2156 | D:3      | Killed a black bear
  2157 | D:3      | Reached skill level 1 in Ranged Weapons
  2157 | D:3      | Gained mutation: You have an extremely huge brain. (Int +4)
                  | [demonic ancestry]
  2157 | D:3      | Reached XP level 5. HP: 39/39 MP: 5/5
  2178 | D:3      | Found a shimmering altar of Xom.
  2660 | D:3      | Found a hazy altar of Hepliaklqana.
  2772 | D:3      | Gained mutation: You have an absolutely massive brain. (Int
                  | +6, Wiz) [demonic ancestry]
  2772 | D:3      | Reached XP level 6. HP: 46/46 MP: 6/6
  3044 | D:4      | Gained mutation: Spells you cast may paralyse adjacent
                  | enemies. [demonic ancestry]
  3044 | D:4      | Reached XP level 7. HP: 52/52 MP: 7/7
  3551 | D:5      | Entered Level 5 of the Dungeon
  3888 | D:5      | Gained mutation: You have very sharp fingernails. [demonic
                  | ancestry]
  3888 | D:5      | Reached XP level 8. HP: 60/60 MP: 8/8
  4012 | D:5      | Reached skill level 5 in Evocations
  4327 | D:5      | Found a staircase to the Ecumenical Temple.
  4333 | Temple   | Entered the Ecumenical Temple
  4547 | D:3      | Became a worshipper of Hepliaklqana the Forgotten
  4671 | D:6      | Noticed Sigmund
  4675 | D:6      | Killed Sigmund
  4711 | D:6      | Found a snail-covered altar of Cheibriados.
  4839 | D:6      | Found a glowing drain.
  4847 | Sewer    | Entered a sewer
  5326 | D:6      | Reached XP level 9. HP: 67/67 MP: 9/9
  5371 | D:6      | Reached skill level 5 in Fighting
  5509 | D:6      | Reached * piety under Hepliaklqana
  5565 | D:6      | Reached skill level 5 in Armour
  6116 | D:7      | Reached skill level 5 in Dodging
  6145 | D:7      | Identified the ring of Wu Jian's Approval {Ice rPois Will+
                  | Str-2}
  6168 | D:7      | Reached ** piety under Hepliaklqana
  6169 | D:7      | Remembered your ancestor Citlalmina as a knight
  6557 | D:7      | Found a hide-covered altar of Uskayaw.
  6626 | D:7      | Gained mutation: You occasionally lose the ability to read
                  | scrolls when taking damage. [potion of mutation]
  6626 | D:7      | Gained mutation: Your natural rate of healing is unusually
                  | fast. [potion of mutation]
  6803 | D:8      | Reached skill level 5 in Ranged Weapons
  6824 | D:8      | Found a shimmering blue altar of Sif Muna.
  6834 | D:8      | Reached skill level 5 in Shields
  6834 | D:8      | Reached XP level 10. HP: 68/68 MP: 10/10
  7084 | D:9      | Found Beofog's Lightly-Used Armoury.
  7153 | D:9      | Noticed Grum
  7167 | D:9      | Killed Grum
  7213 | D:9      | Noticed a two-headed ogre
  7224 | D:9      | Killed a two-headed ogre
  7269 | D:9      | Reached *** piety under Hepliaklqana
  7404 | D:9      | Found a staircase to the Lair.
  7497 | D:9      | Reached XP level 11. HP: 70/75 MP: 11/11
  7504 | D:9      | Found an opulent altar of Gozag.
  7504 | D:9      | Found a blossoming altar of Fedhas.
  7506 | D:9      | Noticed a two-headed ogre
  7537 | D:9      | Killed a two-headed ogre
  7729 | D:9      | Found a runed translucent door.
  7729 | D:9      | Found a basalt altar of Yredelemnul.
  7739 | D:9      | Noticed a two-headed ogre
  7748 | D:9      | Killed a two-headed ogre
  7880 | D:10     | Entered Level 10 of the Dungeon
  8010 | D:10     | Noticed Josephine
  8052 | D:10     | Noticed Erolcha
  8069 | D:10     | Mangled by Erolcha

Illustrated notes

Levels and vault maps discovered:
D:1:      sevenhm_arrival_forest_fort_large_3, layout_basic,
          chequers_ecumenical_altar_grove
D:2:      minmay_roachtagon, layout_basic, serial_shops,
          nicolae_shop_competitors_out_of_business, minmay_increasing_density
D:3:      layout_loops_ring, xom_confusion_cloud, mainiacjoe_overflow_alcove_4,
          minivault_27, corexii_shack
D:4:      layout_loops_ring, serial_glass, glass_columns_a, glass_columns_a,
          dreamdust_princess_corridor, feat_on_display
D:5:      layout_cave_pools, temple_statues, minmay_crystal_water,
          minmay_chambers_of_fives
D:6:      layout_basic, mainiacjoe_overflow_brackets, gup_sewer_entry_bubbles,
          uniq_sigmund
D:7:      layout_cave_pools, mainiacjoe_overflow_divided_tiny,
          chequers_serial_rivers_micro_d, st_stairs_3
D:8:      layout_rooms, mainiacjoe_overflow_chevrons, grunt_decor_resistance
D:9:      layout_basic, jmf_multi_god_temple, dk_yredelemnul_ordeal,
          erik_lair_island, minmay_misc_feat_room, minmay_shop_damaged,
          grunt_ministairs_9, uniq_grum
D:10:     layout_long_grid, tso_metal_star, uniq_josephine, uniq_erolcha
Temple:   hellmonk_temple_flake

Skill      XL: |  1  2  3  4  5  6  7  8  9 10 11 |
---------------+----------------------------------+-----
Dodging        | 1 2 3 4 5 6 |  6.9
Armour         | 2 3 4 5 6 7 |  7.2
Fighting       | 2 3 4 6 7 |  7.5
Shields        | 1 2 3 5 6 |  6.4
Ranged Weapons | 1 2 3 5 6 |  6.4
Evocations     | 4 5 6 7 |  7.9
Stealth        | |  0.8

Action                     |  1- 3 |  4- 6 |  7- 9 | 10-12 || total
---------------------------+-------+-------+-------+-------++-------
  Melee: Club              |    78 |       |       |       ||    78
         Short sword       |    47 |       |       |       ||    47
         Sling             |       |     2 |       |       ||     2
   Fire: Sling             |    15 |    81 |   261 |   226 ||   583
 Invoke: Ancestor Life: Kn |       |       |     1 |       ||     1
  Evoke: Wand              |     1 |       |     1 |     4 ||     6
    Use: Scroll            |     5 |     4 |     7 |     1 ||    17
         Potion            |       |       |     9 |       ||     9
   Stab: Sleeping          |     2 |       |       |       ||     2
 Armour: Leather armour    |    52 |     9 |    10 |       ||    71
         Ring mail         |     3 |       |       |       ||     3
         Robe              |       |       |     9 |    12 ||    21
  Dodge: Dodged            |    59 |     7 |    37 |    45 ||   148
  Block: Kite shield       |    36 |       |       |       ||    36
         Buckler           |     2 |       |    18 |    18 ||    38

Table legend: (Time is in decaauts)
 A = Elapsed time spent in this place.
 B = Non-inter-level travel time spent in this place.
 C = Inter-level travel time spent in this place.
 D = Time resting spent in this place.
 E = Time spent auto-exploring this place.
 F = Levels seen in this place.
 G = Mean time per level.
                   A        B        C        D        E       F      G
               +--------+--------+--------+--------+--------+-----+--------+
         Total |   8310 |   7843 |    467 |    109 |   6123 |  12 |  692.5 |
       Dungeon |   8026 |   7569 |    457 |    109 |   5921 |  10 |  802.6 |
        Temple |    152 |    142 |     10 |      0 |    130 |   1 |  152.0 |
         Sewer |    130 |    130 |      0 |      0 |     71 |   1 |  130.0 |
               +--------+--------+--------+--------+--------+-----+--------+

Top non-repeatable levels by time:
     D:6: 1333 daAuts
     D:1: 1277 daAuts
     D:2: 870 daAuts
     D:3: 865 daAuts
     D:9: 830 daAuts
     D:5: 817 daAuts
     D:4: 756 daAuts
     D:7: 622 daAuts
     D:8: 459 daAuts
    D:10: 194 daAuts
  Temple: 152 daAuts
   Sewer: 130 daAuts
